 Dungeon Crawl Stone Soup version 0.22.2-1-ge965b3a (webtiles) character file.

387 KristoblXynda the Slasher (level 6, 0/52 HPs)
             Began as a Draconian Gladiator on July 5, 2019.
             Was a Follower of Yredelemnul.
             Killed by nerve-wracking pain
             ... invoked by an orc priest
              (8 damage)
             ... on level 4 of the Dungeon.
             The game lasted 00:05:11 (3340 turns).

KristoblXynda the Slasher (Draconian Gladiator)     Turns: 3340, Time: 00:05:12

Health: 0/52       AC:  6    Str: 17    XL:     6   Next: 49%
Magic:  6/6        EV: 13    Int: 10    God:    Yredelemnul [*.....]
Gold:   379        SH:  0    Dex: 12    Spells: 5/5 levels left

rFire    . . .     SeeInvis .   a - +0 long sword
rCold    . . .     Gourm    .   (no shield)
rNeg     . . .     Faith    .   (armour unavailable)
rPois    .         Spirit   .   b - +0 hat
rElec    .         Reflect  .   (no cloak)
rCorr    .         Harm     .   (no gloves)
MR       .....                  (no boots)
Stlth    +.........             (no amulet)
HPRegen  0.17/turn              (no ring)
MPRegen  0.10/turn              (no ring)

@: no status effects
A: unfitting armour, cold-blooded, AC +6
a: Animate Remains, Renounce Religion


You were on level 4 of the Dungeon.
You worshipped Yredelemnul.
Yredelemnul was aware of your devotion.
You were hungry.

You visited 2 branches of the dungeon, and saw 5 of its levels.

You collected 379 gold pieces.

Inventory:

Hand Weapons
 a - a +0 long sword (weapon)
Missiles
 c - 3 throwing nets (quivered)
Armour
 b - a +0 hat (worn)
Wands
 m - a wand of polymorph (3)
Scrolls
 e - a scroll of remove curse
 f - a scroll of enchant armour {unknown}
 h - a scroll of identify {unknown}
 i - 2 scrolls of fog
 j - a scroll of immolation {unknown}
 k - a scroll of random uselessness {unknown}
Potions
 g - 2 potions of heal wounds {unknown}
 l - 3 potions of curing {unknown}
 n - a potion of degeneration {unknown}
 o - a potion of agility {unknown}
Comestibles
 d - 9 rations


   Skills:
 - Level 4.2 Fighting
 * Level 5.5 Long Blades
 - Level 2.0 Throwing
 + Level 4.0 Dodging
 + Level 0.2 Invocations


You had 5 spell levels left.
You didn't know any spells.
Your spell library was empty.

Dungeon Overview and Level Annotations

Branches:
Dungeon (4/15)             Temple (1/1) D:4

Altars:
Dithmenos
Elyvilon
Makhleb
Nemelex Xobeh
Okawaru
Qazlal
Vehumet
Wu Jian
Yredelemnul


Innate Abilities, Weirdness & Mutations

Your plain brown scales are hard. (AC +6)
You cannot fit into any form of body armour.
You are cold-blooded and may be slowed by cold attacks.


Message History

An orc wizard comes into view. It is wielding a dagger.
The orc priest invokes the aid of Beogh against you.
Beogh smites you!
Evoke which item? (* to show all) (? for menu, Esc to quit)
Aiming: Polymorph
Press: ? - help, Shift-Dir - straight line, f - orc priest
Aim: an orc priest, wielding a dagger and wearing a ring mail (chance to defeat MR: 46%)
The orc priest resists with some effort.
The orc priest mumbles some strange prayers to Beogh against you.
Beogh smites you!
* * * LOW HITPOINT WARNING * * *
Evoke which item? (* to show all) (? for menu, Esc to quit)
Aiming: Polymorph
Press: ? - help, Shift-Dir - straight line, f/p - orc priest
Aim: an orc priest, wielding a dagger and wearing a ring mail (chance to defeat MR: 46%)
The orc priest resists with some effort.
The orc priest calls down the wrath of Beogh upon you.
Pain shoots through your body!
You die...
Your body rises from the dead as a mindless zombie.

.o.............##
#...............# #######.# ..
#.#.............# #.......# o.
#...............# ........# .#
##...............# ......... .
.................# .......# ##.
#...............#
.....########..##.o.............#
........).......@...............#
................................#
........##########..............#
........# #..............#
........# #.............##
........# ##............#
........# #............#
.......## #####........# ....####
##########


You could see an orc priest.

Vanquished Creatures
  An ogre (D:4)
  A centaur (D:3)
  Jessica (D:3)
  A bullfrog skeleton (D:4)
  A worker ant (D:4)
  5 adders
  3 gnolls (D:3)
  4 worms
  A dart slug (D:1)
  A leopard gecko (D:1)
  An orc (D:3)
  A ball python (D:2)
  6 giant cockroaches
  11 goblins
  6 hobgoblins
  7 jackals (D:1)
  4 quokkas
  3 bats (D:1)
  4 frilled lizards
  4 kobolds
  11 rats
77 creatures vanquished.

Notes
Turn   | Place    | Note
-------+----------+-------------------------------------------
     0 | D:1      | KristoblXynda the Draconian Gladiator began the quest for
                  | the Orb.
     0 | D:1      | Reached XP level 1. HP: 17/17 MP: 1/1
    58 | D:1      | Reached XP level 2. HP: 21/25 MP: 2/2
   412 | D:1      | Reached XP level 3. HP: 20/30 MP: 3/3
  1119 | D:2      | You fall through a shaft for 2 floors!
  1141 | D:4      | Reached skill level 4 in Long Blades
  1141 | D:4      | Reached XP level 4. HP: 31/38 MP: 4/4
  1228 | D:4      | Found a staircase to the Ecumenical Temple.
  1234 | Temple   | Entered the Ecumenical Temple
  1300 | Temple   | Became a worshipper of Yredelemnul the Dark
  1812 | D:3      | Noticed Jessica
  1813 | D:3      | Noticed a centaur
  1827 | D:3      | Killed a centaur
  1827 | D:3      | Reached XP level 5. HP: 35/46 MP: 5/5
  1834 | D:3      | Killed Jessica
  1975 | D:3      | Reached skill level 5 in Long Blades
  2159 | D:3      | Reached * piety under Yredelemnul
  2389 | D:3      | Reached XP level 6. HP: 49/52 MP: 6/6
  3340 | D:4      | Killed from afar by an orc priest

Skill      XL: |  1  2  3  4  5  6 |
---------------+-------------------+-----
Throwing       | 2 |  2.0
Dodging        | 3 4 |  4.0
Fighting       | 3 4 |  4.2
Long Blades    | 4 5 |  5.5
Invocations    | |  0.2

Action                   |  1- 3 |  4- 6 || total
-------------------------+-------+-------++-------
Melee: Long sword        |    87 |   105 ||   192
       Tailslap          |     9 |    17 ||    26
       Unarmed           |       |     7 ||     7
Evoke: Wand              |       |     4 ||     4
  Use: Scroll            |       |     3 ||     3
 Stab: Sleeping          |     2 |       ||     2
  Eat: Ration            |       |     1 ||     1
       Chunk             |       |     4 ||     4
Armor: Skin              |    30 |    26 ||    56
Dodge: Dodged            |    63 |    58 ||   121
       Rpst.: Long sword |    23 |    14 ||    37
